 Dungeon Crawl Stone Soup version 0.31.0-11-ge490571c62 (webtiles) character file.

Game seed: 8443617762527421730

53 qw the Shooter (level 3, -3/18 HPs)
             Began as a Spriggan Hunter on Feb 5, 2024.
             Frozen to death by an endoplasm (4 damage)
             ... on level 2 of the Dungeon.
             The game lasted 00:00:32 (1426 turns).

qw the Shooter (Spriggan Hunter)                    Turns: 1426, Time: 00:00:33

Health: -3/18      AC:  2    Str:  7    XL:     3   Next: 62%
Magic:  4/4        EV: 19    Int: 10    God:
Gold:   139        SH:  0    Dex: 20    Spells: 2/2 levels left

rFire   . . .        a - +1 shortbow
rCold   . . .        (shield currently unavailable)
rNeg    + . .        c - +0 robe
rPois   .            (helmet restricted)
rElec   .            (no cloak)
rCorr   .            (gloves unavailable)
SInv    +            (boots unavailable)
Will    .....        (no amulet)
Stlth   ++           e - ring of positive energy
HPRegen 0.23/turn    (no ring)
MPRegen 0.09/turn

%: no passive effects
@: very quick
A: very small, no large weapons, unfitting armour, see invisible, speed 3
a: no special abilities


You were on level 2 of the Dungeon.
You visited 1 branch of the dungeon, and saw 3 of its levels.

You collected 139 gold pieces.


Innate Abilities, Weirdness & Mutations

You are very small and have problems with some larger weapons.
You are too small for most types of armour.
You have supernaturally acute eyesight. (SInv)
You cover ground extremely quickly. (Speed+++)


   Skills:
 - Level 1.5 Fighting
 + Level 4.8 Ranged Weapons
 - Level 4.0 Dodging
 - Level 1.5 Stealth


You had 2 spell levels left.
You didn't know any spells.
Your spell library was empty.

Inventory:

Hand Weapons
 a - a +1 shortbow (weapon)
Armour
 c - a +0 robe (worn)
Jewellery
 e - a ring of positive energy (left hand)
Potions
 d - a potion of curing
 i - a potion of mutation

Dungeon Overview and Level Annotations

Branches:
Dungeon (3/15)

Altars:

Annotations:
D:2 1 runed translucent door, Crazy Yiuf


Message History

There is a stone staircase leading down here.
You climb downwards.
There is a stone staircase leading up here.
There are monsters nearby!
Waypoint 2 assigned to D:3.
1418 ||| STAIRDANCE The orc shouts!
The rat squeaks loudly.
The endoplasm quivers.
The rat twitches its whiskers.
The rat barely misses you.
You hear an angry hiss.
You climb upwards.
Level annotation: 1 runed translucent door, Crazy Yiuf
There is a stone staircase leading down here.
You climb downwards.
An adder comes into view.
The orc hits you with a +0 dagger. The rat closely misses you.
There is a stone staircase leading up here.
1422 ||| STAIRDANCE The orc hits you with a +0 dagger.
The rat misses you. The endoplasm freezes you.
You are frozen.
You climb upwards.
Level annotation: 1 runed translucent door, Crazy Yiuf
There is a stone staircase leading down here.
You shoot an arrow. The arrow hits the orc.
The orc is moderately wounded.
The orc misses you. The endoplasm freezes you.
You are frozen.
The rat closely misses you.
You shoot an arrow. The arrow hits the orc.
The orc is almost dead.
The orc closely misses you. The endoplasm freezes you.
You are frozen.
The rat misses you.
You shoot an arrow. The arrow closely misses the orc.
The orc hits you with a +0 dagger. The rat closely misses you.
The endoplasm completely misses you. The rat bites you. The orc misses you.
The endoplasm freezes you.
You are frozen.
You die...

..###.............##.##....#
...#####.................#.######
.#..# ####..#######.............
.##.#### #......#...#.....######
###....#####.......####.#..# #
..####...# ###...### #.##.######
...#####.### #...# #..........
....# #)..# #.rJ# #......####
....# ###.###..@# ##.....# #
....# #..##.o.# #.....# # ....#
##.####.# #.....# # ....# #.##
#.# ####### # ...## #..###.##
..## ##......## ### #####...#
#####


You could see an orc, an endoplasm and a rat.

Vanquished Creatures
  2 adders
  A dart slug (D:1)
  2 ribbon worms (D:2)
  2 endoplasms
  A giant cockroach (D:2)
  4 goblins
  2 hobgoblins (D:2)
  4 kobolds
  2 quokkas
  5 ball pythons
  2 bats (D:1)
  A frilled lizard (D:1)
  3 rats (D:2)
31 creatures vanquished.

Notes
Turn   | Place    | Note
-------+----------+-------------------------------------------
     0 | D:1      | qw the Spriggan Hunter began the quest for the Orb.
     0 | D:1      | Reached XP level 1. HP: 10/10 MP: 2/2
     0 | D:1      | 0 ||| qw: Version: 0.3-a-160-g6735b56
     0 | D:1      | 0 ||| qw: Game counter: 6398
     0 | D:1      | 0 ||| qw: Melee chars always use a shield: true
     0 | D:1      | 0 ||| qw: God list: Okawaru
     0 | D:1      | 0 ||| qw: Allow faded altars: false
     0 | D:1      | 0 ||| qw: Do Orc after clearing Dungeon:15 true
     0 | D:1      | 0 ||| qw: Do second Lair branch before Depths: true
     0 | D:1      | 0 ||| qw: Lair rune preference: random
     0 | D:1      | 0 ||| qw: Goals: Normal
     0 | D:1      | 0 ||| PLANNING D:1-11
    96 | D:1      | Reached skill level 3 in Dodging
   245 | D:1      | 245 ||| READING scroll labelled CEUSTOI PAETS.
   246 | D:1      | 246 ||| READING scroll labelled WYSHASA XEAR.
   247 | D:1      | 247 ||| DROPPING scroll of butterflies.
   254 | D:1      | Reached XP level 2. HP: 14/14 MP: 3/3
   716 | D:1      | 716 ||| READING scroll labelled UCOUQI KAM.
   716 | D:1      | 716 ||| ENCHANTING +0 shortbow.
   745 | D:2      | 745 ||| STAIRDANCE
   765 | D:2      | HP: 2/14 [hobgoblin (4)]
   857 | D:2      | Reached XP level 3. HP: 18/18 MP: 4/4
  1155 | D:2      | Found a runed translucent door.
  1156 | D:2      | Noticed Crazy Yiuf
  1235 | D:2      | 1235 ||| UPGRADING to ring of positive energy.
  1236 | D:2      | 1236 ||| READING 3 scrolls of identify.
  1236 | D:2      | 1236 ||| IDENTIFYING glowing blue potion
  1237 | D:2      | 1237 ||| READING 2 scrolls of identify.
  1237 | D:2      | 1237 ||| IDENTIFYING smoky orange potion
  1238 | D:2      | 1238 ||| READING scroll of identify.
  1238 | D:2      | 1238 ||| IDENTIFYING fuming green potion
  1239 | D:2      | 1239 ||| READING scroll labelled PARAOCR TIFODA.
  1239 | D:2      | 1239 ||| ENCHANTING +0 shortbow.
  1240 | D:2      | 1240 ||| READING scroll labelled DURETED KYLECS.
  1280 | D:2      | 1280 ||| READING scroll labelled MAXUT WOFIUZAXT.
  1381 | D:2      | 1381 ||| DROPPING potion of lignification.
  1418 | D:3      | 1418 ||| STAIRDANCE
  1422 | D:3      | 1422 ||| STAIRDANCE
  1425 | D:2      | HP: 4/18 [frozen (2)]
  1426 | D:2      | HP: 1/18 [rat (3)]
  1426 | D:2      | Frozen to death by an endoplasm

Levels and vault maps discovered:
D:1:      ncdulo_watergridlock, layout_basic, minmay_tromino_v4_b
D:2:      layout_rooms, uniq_crazy_yiuf_cottage
D:3:      layout_basic, grunt_ministairs_8, columned_hall_lemuel, uniq_sigmund

Skill      XL: |  1  2 |
---------------+-------+-----
Dodging        | 3 4 |  4.0
Fighting       | |  1.5
Ranged Weapons | |  4.8
Stealth        | |  1.5

Action                     || total
---------------------------++-------
   Fire: Shortbow          ||   105
    Use: Scroll            ||     9
 Armour: Robe              ||    15
  Dodge: Dodged            ||    68

Table legend:
 A = Non-vault XP
 B = Vault XP
 C = Vault XP percentage of total XP
 D = Non-vault monster count
 E = Vault monster count
 F = Vault count percentage of total count
                 A         B        C        D         E       F
            +---------+---------+-------+---------+---------+-------
      Total |      72 |       4 |   5.3 |      29 |       2 |   6.5
            +---------+---------+-------+---------+---------+-------
        D:1 |      24 |       4 |  14.3 |      10 |       2 |  16.7
        D:2 |      48 |       0 |   0.0 |      19 |       0 |   0.0
            +---------+---------+-------+---------+---------+-------
